 Dungeon Crawl Stone Soup version 0.31.0-11-ge490571c62 (webtiles) character file.

Game seed: 9702141472043065364

1416 Gadfly the Insei (level 8, -2/62 HPs)
             Began as a Merfolk Monk on Jan 29, 2024.
             Slain by an iguana (13 damage)
             ... on level 6 of the Dungeon.
             The game lasted 00:09:06 (5182 turns).

Gadfly the Insei (Merfolk Monk)                     Turns: 5182, Time: 00:09:07

Health: -2/62      AC:  2    Str: 13    XL:     8   Next: 71%
Magic:  8/8        EV: 15    Int: 10    God:
Gold:   230        SH:  0    Dex: 16    Spells: 2/7 levels left

rFire   . .          .
                       - Unarmed
rCold   + . .        c - orb {light}
rNeg    . . .        a - +0 robe
rPois   .            (no helmet)
rElec   .            (no cloak)
rCorr   .            (no gloves)
SInv    .            (no boots)
Will    .....        d - amulet of reflection
Stlth   +            j - ring of protection from cold
HPRegen 0.30/turn    (no ring)
MPRegen 0.11/turn

%: reflection
@: confused, ambrosia-drunk, glowing
A: (nimble swimmer 2), mertail
a: no special abilities


You were on level 6 of the Dungeon.
You visited 1 branch of the dungeon, and saw 6 of its levels.
You also visited: Sewer.

You collected 230 gold pieces.

Inventory:

Hand Weapons
 b - a +2 dagger of distortion
Armour
 a - a +0 robe (worn)
 c - an orb of light (worn)
Jewellery
 d - an amulet of reflection (around neck)
 j - a ring of protection from cold (left hand)
Wands
 l - a wand of digging (1)
 n - a wand of acid (10) (quivered)
Scrolls
 e - 2 scrolls of identify
 h - a scroll of immolation
 i - a scroll of fear
 k - a scroll of silence
Potions
 f - a potion of resistance
 g - 2 potions of curing
 m - a potion of cancellation


   Skills:
 + Level 5.3 Fighting
 + Level 6.2 Dodging
 * Level 6.6 Unarmed Combat
 * Level 4.9 Evocations
 * Level 6.0 Shapeshifting


You had 2 spell levels left.
You knew the following spells:

 Your Spells              Type           Power      Damage    Failure   Level
a - Blink                 Tloc           0%         N/A       50%         2
b - Confusing Touch       Hex            0%         N/A       75%         3

Your spell library contained the following spells:

 Spells                   Type           Power      Damage    Failure   Level
 Kiss of Death            Conj/Necr      0%         2d5       36%         1
 Magic Dart               Conj           0%         1d3       36%         1
 Sting                    Conj/Alch      0%         1d3       36%         1
 Lesser Beckoning         Tloc           0%         N/A       50%         2
 Mercury Vapours          Alch/Air       0%         N/A       50%         2
 Momentum Strike          Conj/Tloc      0%         3d8       50%         2
 Searing Ray              Conj           0%         2d4       50%         2
 Frozen Ramparts          Ice            0%         1d1       75%         3
 Dispel Undead            Necr           0%         3d6       98%         4
 Fulminant Prism          Conj/Alch      0%         3d5       98%         4
 Leda's Liquefaction      Alch/Erth      0%         N/A       98%         4
 Olgreb's Toxic Radiance  Alch           0%         N/A       98%         4
 Petrify                  Alch/Erth      0%         N/A       98%         4
 Metabolic Englaciation   Hex/Ice        0%         N/A       100%        5


Dungeon Overview and Level Annotations

Branches:
Dungeon (6/15)              Sewer (visited)
 Temple: D:4-7

Altars:
Ashenzari
Elyvilon
Fedhas
Gozag
Hepliaklqana
Kikubaaqudgha
Makhleb
Nemelex Xobeh
Okawaru
Qazlal
Xom
Zin

Shops:
D:1 [


Innate Abilities, Weirdness & Mutations

((You are very nimble when in or above water. (Stealth+, EV+, Speed+++)))
Your lower body shifts to a powerful aquatic tail in water.


Message History

* * * LOW HITPOINT WARNING * * *
You hit the ice beast but do no damage.
The ice beast is moderately wounded.
The ice beast barely misses you. The iguana misses you.
You hit the ice beast.
The ice beast is heavily wounded.
You hit the ice beast.
The ice beast is heavily wounded.
The ice beast hits you but does no damage.
The iguana closely misses you.
You hit the ice beast but do no damage.
The ice beast is heavily wounded.
The ice beast hits you.
* * * LOW HITPOINT WARNING * * *
The ice beast freezes you. You resist.
* * * LOW HITPOINT WARNING * * *
The iguana misses you.
You are confused.
You feel invigorated.
The gnoll is no longer moving quickly.
The iguana barely misses you. The ice beast hits you.
* * * LOW HITPOINT WARNING * * *
The ice beast freezes you. You resist.
* * * LOW HITPOINT WARNING * * *
You bump into the rock wall.
The iguana completely misses you. The ice beast hits you.
* * * LOW HITPOINT WARNING * * *
The ice beast freezes you. You resist.
* * * LOW HITPOINT WARNING * * *
The iguana attacks as it pursues you! The iguana misses you.
You bump into the rock wall.
The ice beast barely misses you. The iguana misses you.
An orc wizard comes into view. It is wielding a +0 dagger.
You bump into the rock wall.
The orc wizard shouts!
The ice beast hits you.
* * * LOW HITPOINT WARNING * * *
The ice beast freezes you. You resist.
* * * LOW HITPOINT WARNING * * *
The iguana bites you!
You die...

+.≈.. ....≈....'.# #.≈.#
##.≈....###
#.≈.#...#.≈...l#
#.≈.#._.#.≈.o..##### ###
##.≈.#...#.≈ggo.......
).###..≈.###?#.≈o##.......
#....?.≈.......≈h##.......
###....≈≈≈≈≈≈≈≈Yl#########
#.............@#
#......###...#.# #......#
#.....# #......# #...###
#......# ########
........####.....#
...........#.###
....######....<#
!.g.......#'#####.#


You could see an ice beast, a howler monkey, an iguana, an orc wizard, 2 gnolls
and an orc.

Vanquished Creatures
  Sigmund (D:2)
  Pargi (Sewer)
  A black bear (D:5)
  2 ogres
  3 phantoms
  A kobold brigand (Sewer)
  2 scorpions
  A howler monkey (D:5)
  A bombardier beetle (D:4)
  A hound (D:4)
  An orc priest (D:3)
  A jelly (Sewer)
  A gnoll bouda (D:6)
  An iguana (D:5)
  2 orc wizards
  5 gnolls
  9 adders
  6 dart slugs
  2 ribbon worms (D:2)
  10 orcs
  3 ball pythons
  2 bats
  3 endoplasms (D:4)
  13 giant cockroaches
  7 goblins
  6 hobgoblins
  2 jackals (D:1)
  5 quokkas
  9 frilled lizards
  8 kobolds
  9 rats
119 creatures vanquished.

Notes
Turn   | Place    | Note
-------+----------+-------------------------------------------
     0 | D:1      | Gadfly the Merfolk Monk began the quest for the Orb.
     0 | D:1      | Reached XP level 1. HP: 18/18 MP: 1/1
   248 | D:1      | Reached XP level 2. HP: 23/24 MP: 2/2
   335 | D:1      | Reached skill level 1 in Shapeshifting
   552 | D:1      | Reached skill level 1 in Evocations
   555 | D:1      | Reached XP level 3. HP: 29/29 MP: 3/3
   634 | D:1      | Found Ruruh's Armour Boutique.
   930 | D:2      | Noticed Sigmund
  1136 | D:2      | Found a faded altar of an unknown god.
  1380 | D:2      | Reached XP level 4. HP: 35/37 MP: 4/4
  1523 | D:2      | Killed Sigmund
  1524 | D:2      | Reached XP level 5. HP: 39/42 MP: 5/5
  1951 | D:3      | Reached XP level 6. HP: 46/48 MP: 6/6
  2000 | D:3      | Identified the +0 scale mail of Anarchy {rC- rCorr Str+8
                  | Slay-5}
  2016 | D:3      | Found an opulent altar of Gozag.
  2160 | D:3      | HP: 2/48 [orc wizard/magic dart (10)]
  2177 | D:3      | HP: 1/48 [something/magic dart (7)]
  2529 | D:3      | Found a white marble altar of Elyvilon.
  2530 | D:3      | Found an ancient bone altar of Kikubaaqudgha.
  2535 | D:3      | Found a sparkling altar of Nemelex Xobeh.
  2536 | D:3      | Found a hazy altar of Hepliaklqana.
  2538 | D:3      | Found a burning altar of Makhleb.
  2538 | D:3      | Found a broken altar of Ashenzari.
  2539 | D:3      | Found an iron altar of Okawaru.
  2541 | D:3      | Found a blossoming altar of Fedhas.
  2549 | D:3      | Found a shimmering altar of Xom.
  2593 | D:3      | Found a glowing silver altar of Zin.
  2931 | D:4      | Reached skill level 5 in Dodging
  2931 | D:4      | Reached skill level 5 in Unarmed Combat
  3033 | D:4      | Reached XP level 7. HP: 55/55 MP: 7/7
  3099 | D:4      | Found a glowing drain.
  3122 | Sewer    | Entered a sewer
  3354 | Sewer    | Noticed Pargi
  3373 | Sewer    | Killed Pargi
  4076 | D:5      | Entered Level 5 of the Dungeon
  4095 | D:5      | Reached skill level 5 in Shapeshifting
  4095 | D:5      | Reached XP level 8. HP: 58/61 MP: 8/8
  4253 | D:5      | Reached skill level 5 in Fighting
  4440 | D:5      | Identified the +7 chain mail "Gourr" {rF- rN+++ Str+3
                  | Int+3}
  4796 | D:5      | Learned a level 2 spell: Blink
  4800 | D:5      | Learned a level 3 spell: Confusing Touch
  4945 | D:6      | Found a stormy altar of Qazlal.
  5182 | D:6      | Slain by an iguana

Illustrated notes

Levels and vault maps discovered:
D:1:      dpeg_arrival_round_a, layout_basic, serial_shops, shop,
          minmay_pentomino_w2
D:2:      layout_loops_ring, hellmonk_ecumenical_altar_lost_god, uniq_sigmund
D:3:      layout_rooms, pdpol_temple_overflow_zin_treasury_gozag_greed,
          nicolae_overflow_hallway_of_the_gods, minmay_checkerbox
D:4:      layout_cave_pools, gup_sewer_entry_pipe
D:5:      layout_basic
D:6:      layout_basic, mainiacjoe_overflow_brackets, uniq_grinder

Skill      XL: |  1  2  3  4  5  6  7  8 |
---------------+-------------------------+-----
Shapeshifting  | 1 3 5 6 |  6.0
Evocations     | 1 2 3 4 |  4.9
Fighting       | 4 5 |  5.3
Unarmed Combat | 4 5 6 |  6.6
Dodging        | 5 6 |  6.2

Action                     |  1- 3 |  4- 6 |  7- 9 || total
---------------------------+-------+-------+-------++-------
  Melee: Unarmed           |   111 |   143 |   219 ||   473
    Use: Scroll            |     8 |     3 |     6 ||    17
         Potion            |       |     4 |     2 ||     6
 Armour: Robe              |    39 |    66 |   130 ||   235
         Skin              |       |     4 |     2 ||     6
  Dodge: Dodged            |    80 |   112 |   193 ||   385
